 Dungeon Crawl Stone Soup version 0.30-a0-883-g5ad918d77d (webtiles) character file.

Game seed: 12106117531200285893

46 cheesebisquit the Firebug (level 3, 0/26 HPs)
             Began as a Hill Orc Fire Elementalist on Mar 18, 2023.
             Succumbed to a scorpion's poison
             ... on level 2 of the Dungeon.
             The game lasted 00:03:45 (989 turns).

cheesebisquit the Firebug (HOFE)                     Turns: 989, Time: 00:03:46

Health: 0/26       AC:  2    Str: 10    XL:     3   Next: 68%
Magic:  2/6        EV: 12    Int: 17    God:
Gold:   88         SH:  0    Dex: 11    Spells: 5/6 levels left

rFire   . . .      SeeInvis .    d - +2 dagger (vamp)
rCold   . . .      Faith    .    (no shield)
rNeg    . . .      Spirit   .    a - +0 robe
rPois   .          Reflect  .    (no helmet)
rElec   .          Rampage  .    (no cloak)
rCorr   .                        (no gloves)
Will    .....                    (no boots)
Stlth   ++                       (no amulet)
HPRegen 0.24/turn                (no ring)
MPRegen 0.10/turn                (no ring)

@: lethally poisoned (0 -> -21)
A: no striking features
a: no special abilities


You were on level 2 of the Dungeon.
You visited 1 branch of the dungeon, and saw 2 of its levels.

You collected 88 gold pieces.

Inventory:

Hand Weapons
 d - a +2 vampiric dagger (weapon)
 g - a +0 hand axe
Armour
 a - a +0 robe (worn)
Scrolls
 b - a scroll of butterflies {unknown}
 c - 2 scrolls of identify {unknown}
 h - a scroll of teleportation {unknown}
 i - a scroll of fog {unknown}
Potions
 e - a potion of heal wounds
 f - a potion of invisibility {unknown}
 j - a potion of resistance {unknown}


   Skills:
 - Level 1.5 Dodging
 - Level 1.5 Stealth
 + Level 2.1 Spellcasting
 - Level 1.0 Conjurations
 * Level 4.5 Fire Magic


You had 5 spell levels left.
You knew the following spells:

 Your Spells              Type           Power      Damage    Failure   Level
a - Foxfire               Conj/Fire      44%        2x1d6     6%          1

Your spell library contained the following spells:

 Spells                   Type           Power      Damage    Failure   Level
 Scorch                   Fire           34%        2d6       4%          2
 Inner Flame              Hex/Fire       9%         N/A       22%         3
 Kindle Blastsparks       Fire/Tloc/Air  12%        2d11      30%         3
 Flame Wave               Conj/Fire      11%        2d6       52%         4


Dungeon Overview and Level Annotations

Branches:
Dungeon (2/15)

Altars:


Message History

The foxfire hits the scorpion but does no damage.
The scorpion is lightly wounded.
The scorpion barely misses you.
You are too injured to fight recklessly!
You are too injured to fight recklessly!
Casting: Foxfire (safe; 6% risk of failure)
Press: ? - help, Q - select action Dir - look around, f - activate You conjure some foxfire!
You feel sick. The scorpion stings you.
* * * LOW HITPOINT WARNING * * *
You are lethally poisoned!
The scorpion poisons you! The scorpion attacks as you move away!
The scorpion stings you but does no damage.
* * * LOW HITPOINT WARNING * * *
You feel very sick.
The foxfire hits the scorpion but does no damage.
The scorpion is lightly wounded.
The foxfire hits the scorpion but does no damage.
The scorpion is lightly wounded.
It was a potion of heal wounds.
You feel much better.
You feel very sick. The scorpion stings you.
You are lethally poisoned!
The scorpion poisons you!
You conjure some foxfire!
You feel very sick. The scorpion stings you.
You are more poisoned.
The scorpion poisons you!
Your magical contamination has completely faded away.
* * * LOW HITPOINT WARNING * * *
You feel very sick.
The foxfire hits the scorpion.
The scorpion is moderately wounded.
The foxfire hits the scorpion.
The scorpion is heavily wounded.
The scorpion closely misses you. The scorpion attacks as you move away!
The scorpion barely misses you.
You die...

##.....###
#........
#.......#
#. ...#.#
#.##.##.#
#....##.#
#..####.#
#..####.#
#..s.@†<#
##§######
#.#
###.###
#.....#
#.#.#.#
#.#.#.#
#.#.#.#
#.#.#.#


You could see a scorpion.

Vanquished Creatures
  An adder (D:2)
  5 dart slugs (D:1)
  5 endoplasms (D:1)
  4 goblins (D:1)
  A hobgoblin (D:1)
  3 jackals (D:1)
  2 ball pythons (D:1)
  2 bats (D:1)
  2 kobolds (D:1)
25 creatures vanquished.

Vanquished Creatures (others)
  65 foxfires
65 creatures vanquished.

Grand Total: 90 creatures vanquished

Notes
Turn   | Place    | Note
-------+----------+-------------------------------------------
     0 | D:1      | cheesebisquit the Hill Orc Fire Elementalist began the
                  | quest for the Orb.
     0 | D:1      | Reached XP level 1. HP: 14/14 MP: 3/3
   194 | D:1      | You fall into a shaft and drop 1 floor!
   302 | D:1      | Reached XP level 2. HP: 20/20 MP: 0/4
   403 | D:1      | Reached skill level 4 in Fire Magic
   471 | D:1      | Reached XP level 3. HP: 20/26 MP: 4/6
   662 | D:1      | Found a faded altar of an unknown god.
   976 | D:2      | Noticed a scorpion
   985 | D:2      | HP: 1/26 [poisoned by a scorpion]
   989 | D:2      | Succumbed to a scorpion's poison

Illustrated notes

Levels and vault maps discovered:
D:1:      sevenhm_arrival_forest_fort_small_3, layout_rooms,
          chequers_ecumenical_altar_lobes
D:2:      layout_loops_cross, st_stairs_7, grunt_ministairs_11,
          minmay_misc_feat_tower, due_unseen_surprise

Skill      XL: |  1  2 |
---------------+-------+-----
Fire Magic     | 4 |  4.5
Spellcasting   | 2 |  2.1
Dodging        | |  1.5
Stealth        | |  1.5
Conjurations   | |  1.0

Action                     || total
---------------------------++-------
  Melee: Unarmed           ||     1
         Dagger            ||    15
   Cast: Foxfire           ||    38
    Use: Potion            ||     2
 Armour: Robe              ||     5
  Dodge: Dodged            ||    21

Table legend: (Time is in decaauts)
 A = Elapsed time spent in this place.
 B = Non-inter-level travel time spent in this place.
 C = Inter-level travel time spent in this place.
 D = Time resting spent in this place.
 E = Time spent auto-exploring this place.
 F = Levels seen in this place.
 G = Mean time per level.
                   A        B        C        D        E       F      G
               +--------+--------+--------+--------+--------+-----+--------+
         Total |    987 |    926 |     61 |      0 |    773 |   2 |  493.5 |
       Dungeon |    987 |    926 |     61 |      0 |    773 |   2 |  493.5 |
               +--------+--------+--------+--------+--------+-----+--------+

Top non-repeatable levels by time:
     D:1: 912 daAuts
     D:2: 74 daAuts
